 Dungeon Crawl Stone Soup version 0.17.0-56-gd8de76c (webtiles) character file.

320 gorblad the Chopper (level 6, -1/43 HPs)
             Began as a Demonspawn Chaos Knight on Dec 5, 2015.
             Slain by a gnoll
             ... wielding a +0 spear of chaos
              (18 damage)
             ... on level 3 of the Dungeon.
             The game lasted 00:05:33 (1861 turns).

gorblad the Chopper (Demonspawn Chaos Knight)       Turns: 1861, Time: 00:05:33

Health: -1/43      AC: 11    Str: 22    XL:     6   Next: 22%
Magic:  6/6        EV:  9    Int: 20    God:    Xom [....*.]
Gold:   164        SH:  0    Dex: 13    Spells: 0 memorised, 5 levels left

rFire  + . .     SeeInvis .     a - +0 hand axe (chaos)
rCold  . . .     Clarity  .     d - +1 chain mail
rNeg   + . .     SustAt   .     (no shield)
rPois  .         Gourm    .     (no helmet)
rElec  .         Spirit   .     (no cloak)
rCorr  .         Warding  +     (no gloves)
rMut   .         Stasis   .     (no boots)
MR     .....                    f - amulet of warding
Stlth  ..........               o - ring of protection from fire
                                g - +3 ring of strength

@: mighty, brilliant, exhausted, very slightly contaminated, hasted and slowed,
drained, not resistant to hostile enchantments, extremely unstealthy
A: claws 1, slimy green scales 1, clever 1, frail 1, subdued magic 1
a: Renounce Religion


You were on level 3 of the Dungeon.
You worshipped Xom.
You were a beloved toy of Xom.
You were very hungry.

You visited 1 branch of the dungeon, and saw 3 of its levels.

You collected 164 gold pieces.

Inventory:

Hand Weapons
 a - a +0 hand axe of chaos (weapon)
Armour
 b - a +2 leather armour
 d - a +1 chain mail (worn)
Jewellery
 f - an amulet of warding (around neck)
 g - a +3 ring of strength (left claw)
 o - a ring of protection from fire (right claw)
Wands
 n - a wand of polymorph (13)
Scrolls
 j - 3 scrolls of teleportation
 k - 3 scrolls of identify
 l - a scroll of remove curse
 q - a scroll of fog
Potions
 p - a potion of heal wounds {unknown}
Comestibles
 c - a bread ration
 m - 3 fruits
 r - a meat ration
 s - 4 chunks of flesh


   Skills:
 + Level 4.0(3.9) Fighting
 + Level 4.1(4.0) Axes
 + Level 2.7(2.6) Armour
 + Level 3.0(2.9) Dodging
 + Level 1.6(1.5) Stealth


You had 5 spell levels left.
You didn't know any spells.

Dungeon Overview and Level Annotations

Branches:
Dungeon (3/15)

Altars:
Cheibriados
Sif Muna


Innate Abilities, Weirdness & Mutations

You have sharp fingernails.
You are partially covered in slimy green scales (AC +2).
Your mind is acute. (Int +2)
You are frail (-10% HP).
Your spells are a little easier to cast, but a little less powerful.


Message History

Drink which item? (? for menu, Esc to quit)
It was a potion of brilliance.
You feel clever all of a sudden.
The gnoll hits you from afar with a spear of chaos.
Drink which item? (? for menu, Esc to quit)
You feel better. The gnoll barely misses you.
The gnoll hits you but does no damage.
The gnoll hits you with a spear of chaos.
The gnoll freezes you.
You see here 25 stones.
You slash the gnoll! You burn the gnoll.
The gnoll is almost dead.
The gnoll closely misses you. x2
You closely miss the gnoll.
The gnoll is almost dead.
The gnoll closely misses you. x2
You barely miss the gnoll.
The gnoll is almost dead.
The gnoll hits you but does no damage.
You are electrocuted!
You die...

##. #..≈## ≈≈⌠⌠(#.
.≈...§≈
#############
^.#.#..
#.........@.##....≈#
#.#########g###⌠≈#
#.# #g.#)# #.####
###≈.# #....# #≈..⌠#
####.# #≈#.≈#
#.#.....##≈###^.
#.#..... ### ≈≈.
#.#..... .#


You could see 2 gnolls.

Vanquished Creatures
  Sigmund (D:2)
  Ijyb (D:3)
  Natasha (twice) (D:2)
  3 adders
  A gnoll (D:3)
  2 oozes
  A worm (D:2)
  2 giant geckos
  A ball python (D:2)
  3 giant cockroaches
  9 goblins
  6 hobgoblins
  5 kobolds
  12 bats
  4 giant newts
  7 rats
60 creatures vanquished.

Notes
Turn   | Place    | Note
--------------------------------------------------------------
     0 | D:1      | gorblad the Demonspawn Chaos Knight began the quest for the Orb.
     0 | D:1      | Reached XP level 1. HP: 18/18 MP: 1/1
    53 | D:1      | Found a snail-covered altar of Cheibriados.
    79 | D:1      | Gained mutation: You are partially covered in slimy green scales (AC +2). [demonic ancestry]
    79 | D:1      | Reached XP level 2. HP: 18/24 MP: 2/2
   153 | D:1      | Reached skill level 1 in Dodging
   585 | D:1      | Reached XP level 3. HP: 29/29 MP: 3/3
  1015 | D:2      | Noticed Sigmund
  1023 | D:2      | XOM: enchant monster (good)
  1029 | D:2      | Noticed Terence
  1035 | D:2      | Noticed Terence
  1035 | D:2      | Terence changed into Terence the giant gecko
  1035 | D:2      | XOM: polymorph Terence -> Terence the giant gecko
  1036 | D:2      | Killed Sigmund
  1036 | D:2      | Reached skill level 1 in Stealth
  1036 | D:2      | Reached XP level 4. HP: 27/37 MP: 4/4
  1036 | D:2      | Reached XP level 5. HP: 30/42 MP: 5/5
  1044 | D:2      | Killed Terence the giant gecko
  1228 | D:2      | Found a deep blue altar of Sif Muna.
  1408 | D:2      | Noticed Natasha
  1418 | D:2      | Killed Natasha
  1418 | D:2      | XOM: destruction
  1505 | D:2      | Noticed Natasha
  1510 | D:2      | Killed Natasha
  1535 | D:2      | Reached skill level 4 in Axes
  1551 | D:2      | Gained mutation: You have sharp fingernails. [demonic ancestry]
  1551 | D:2      | Reached XP level 6. HP: 48/48 MP: 6/6
  1607 | D:2      | Gained mutation: You are frail (-10% HP). [potion of mutation]
  1607 | D:2      | Gained mutation: Your mind is acute. (Int +2) [potion of mutation]
  1607 | D:2      | Gained mutation: Your spells are a little easier to cast, but a little less powerful. [potion of mutation]
  1646 | D:3      | XOM: god gift: scroll of teleportation
  1788 | D:3      | XOM: god gift: jade ring {god gift}
  1824 | D:3      | Noticed Ijyb
  1838 | D:3      | Killed Ijyb
  1861 | D:3      | Slain by a gnoll

Action                   |  1- 3 |  4- 6 || total
-------------------------+-------+-------++-------
Melee: Hand axe          |    99 |   101 ||   200
  Use: Scroll            |     1 |     6 ||     7
       Potion            |       |     5 ||     5
 Stab: Sleeping          |     1 |     1 ||     2
       Paralysed         |     1 |     3 ||     4
       Petrifying        |     1 |     1 ||     2
       Petrified         |     1 |     1 ||     2
  Eat: Chunk             |       |     3 ||     3
